 Dungeon Crawl Stone Soup version 0.17-a0-1850-g688e747 (webtiles) character file.

4019 Ijustatesigmund the Slinger (level 10, 0/63 HPs)
             Began as a Halfling Hunter on Sept 18, 2015.
             Was a Priest of Okawaru.
             Succumbed to a killer bee's poison
             ... on level 10 of the Dungeon.
             The game lasted 00:36:34 (8402 turns).

Ijustatesigmund the Slinger (Halfling Hunter)       Turns: 8402, Time: 00:36:34

Health: 0/63       AC: 15    Str: 16    XL:     10   Next: 47%
Magic:  15/15      EV: 13    Int: 10    God:    Okawaru [***...]
Gold:   678        SH: 12    Dex: 19    Spells: 0 memorised, 9 levels left

rFire  . . .     SeeInvis .     K - +1 rapier (protect)
rCold  . . .     Clarity  +     d - +0 leather armour
rNeg   . . .     SustAt   .     q - +2 shield
rPois  .         Gourm    .     c - +1 helmet
rElec  .         Spirit   .     z - +2 cloak
rCorr  .         Warding  .     s - +1 pair of gloves
rMut   .         Stasis   .     (no boots)
MR     +....                    H - amulet of clarity
Stlth  ++++......               i - +4 ring of strength
                                B - ring of protection from magic

@: lethally poisoned (0 -> -9), somewhat resistant to hostile enchantments,
stealthy
A: mutation resistance 1
a: Heroism, Renounce Religion


You were on level 10 of the Dungeon.
You worshipped Okawaru.
Okawaru was most pleased with you.
You were hungry.

You visited 1 branch of the dungeon, and saw 10 of its levels.
You also visited: Ossuary.

You collected 678 gold pieces.

Inventory:

Hand weapons
 a - a +2 hunting sling
 K - a +1 rapier of protection (weapon)
Missiles
 f - 324 stones (quivered)
 w - 16 sling bullets
Armour
 c - a +1 helmet (worn)
 d - a +0 leather armour (worn)
 q - a +2 shield (worn)
 s - a +1 pair of gloves (worn)
 z - a +2 cloak (worn)
Jewellery
 i - a +4 ring of strength (right hand)
 r - an uncursed amulet of guardian spirit
 B - a ring of protection from magic (left hand)
 G - an uncursed ring of fire
 H - an amulet of clarity (around neck)
Magical devices
 h - a wand of cold (9)
 l - a wand of frost (31)
 t - a wand of flame (24)
Scrolls
 g - a scroll of identify
 n - a scroll of immolation
 x - 3 scrolls of remove curse
 A - a scroll of enchant weapon
Potions
 m - a potion of brilliance
Books
 o - a book of Burglary

   Spells                             Type                      Level
   a - Swiftness                      Charms/Air                   2
   b - Passwall                       Transmutation/Earth          3
   c - Passage of Golubria            Translocation                4
   d - Lee's Rapid Deconstruction     Earth                        5
   e - Darkness                       Hexes                        6
   f - Invisibility                   Hexes                        6
 y - a Young Poisoner's Handbook

   Spells                             Type                      Level
   a - Sting                          Conjuration/Poison           1
   b - Cure Poison                    Poison                       2
   c - Mephitic Cloud                 Conjuration/Poison/Air       3
   d - Olgreb's Toxic Radiance        Poison                       4
   e - Venom Bolt                     Conjuration/Poison           5
Comestibles
 e - 9 bread rations
 j - 5 meat rations
 k - 10 fruits
 u - a beef jerky
 v - 5 slices of pizza
 C - 2 chunks of flesh


   Skills:
 - Level 3.5 Fighting
 - Level 10.0 Short Blades
 - Level 11.2 Slings
 + Level 0.7 Armour
 + Level 3.2 Dodging
 + Level 6.9 Stealth
 + Level 3.5 Shields
 * Level 6.7 Invocations


You had 9 spell levels left.
You didn't know any spells.

Dungeon Overview and Level Annotations

Branches:
Dungeon (10/15)            Temple (0/1) D:6
   Lair: D:8-11         Orc: D:9-12

Altars:
Makhleb
Okawaru
Zin
The Shining One

Annotations:
D:9 Psyche


Innate Abilities, Weirdness & Mutations

You are small and have problems with some larger weapons.
You are somewhat resistant to further mutation.


Message History

You block the killer bee's attack.
Drink which item? (? for menu, Esc to quit)
Okay, then.
Read which item? (? for menu, Esc to quit)
As you read the scroll labeled VAMICWU TOUDU, it crumbles to dust.
You hear a very strange noise indeed.
It was a scroll of random uselessness.
* * * LOW HITPOINT WARNING * * *
You feel sick. You block the killer bee's attack.
You block the killer bee's attack. The killer bee closely misses you.
The killer bee stings you but does no damage.
You miss the killer bee.
The killer bee is lightly wounded.
* * * LOW HITPOINT WARNING * * *
You feel sick. The killer bee misses you. You block the killer bee's attack.
You block the killer bee's attack.
The killer bee stings you but does no damage.
You puncture the killer bee!
The killer bee is heavily wounded.
You die...

..#############
........y......
#...@.......
#...y.......
...............
...............
...............
...............
...............
...............


You could see 2 killer bees.

Vanquished Creatures
  The ghost of Nico3ck the Conjurer, an experienced NaWz of Vehumet (Ossuary)
  A hog (D:7)
  2 hippogriffs
  A human (D:7)
  3 orc warriors
  A water moccasin (D:6)
  A black bear (D:7)
  An ice beast (D:7)
  3 ogres
  2 phantoms (D:4)
  A centaur (D:8)
  4 giant frogs
  A wyvern skeleton (D:7)
  The ghost of PeterLawrence the Cudgeler, a weakling MiFi (D:6)
  2 scorpions
  2 killer bees
  4 wights (D:7)
  6 orc priests
  A quasit (D:8)
  3 crimson imps
  A gnoll shaman (D:5)
  A jelly (D:8)
  6 orc wizards
  An iguana (D:6)
  2 hounds
  A giant frog skeleton (D:7)
  2 worker ants
  3 sheep (D:7)
  4 big kobold zombies (Ossuary)
  2 mummies (Ossuary)
  5 gnolls (D:5)
  7 adders
  3 shadow imps
  An ooze (D:1)
  2 adder skeletons
  An adder zombie (D:5)
  2 worms
  9 giant geckos
  36 orcs
  A ball python (D:1)
  8 bats
  3 giant cockroaches
  7 hobgoblins
  4 jackals (D:1)
  2 quokkas
  4 giant newts
  2 gnoll zombies (Ossuary)
  12 goblins
  A goblin zombie (Ossuary)
  3 hobgoblin zombies (Ossuary)
  A jackal zombie (D:5)
  8 kobolds
  4 orc zombies (Ossuary)
  A quokka skeleton (D:6)
  5 rats
196 creatures vanquished.

Notes
Turn   | Place    | Note
--------------------------------------------------------------
     0 | D:1      | Ijustatesigmund the Halfling Hunter began the quest for the Orb.
     0 | D:1      | Reached XP level 1. HP: 14/14 MP: 1/1
    70 | D:1      | Reached skill level 6 in Slings
   139 | D:1      | Reached skill level 1 in Short Blades
   184 | D:1      | Reached XP level 2. HP: 16/19 MP: 2/2
   331 | D:1      | Reached XP level 3. HP: 24/24 MP: 3/3
   709 | D:2      | Found a burning altar of Makhleb.
   857 | D:2      | Reached XP level 4. HP: 29/29 MP: 4/4
  1467 | D:3      | Found a glowing silver altar of Zin.
  2017 | D:3      | Reached skill level 1 in Shields
  2025 | D:3      | Reached skill level 7 in Slings
  2076 | D:4      | Found a glowing golden altar of the Shining One.
  2217 | D:4      | Reached XP level 5. HP: 25/34 MP: 3/5
  2530 | D:4      | Noticed a phantom
  2554 | D:4      | Killed a phantom
  2554 | D:4      | Reached XP level 6. HP: 37/39 MP: 6/6
  2782 | D:4      | Reached skill level 8 in Slings
  2782 | D:4      | Reached XP level 7. HP: 39/44 MP: 5/7
  2800 | D:4      | Noticed an ogre
  2808 | D:4      | Killed an ogre
  2808 | D:4      | Reached skill level 5 in Short Blades
  3037 | D:5      | Entered Level 5 of the Dungeon
  3165 | D:5      | Noticed a hippogriff
  3172 | D:5      | Killed a hippogriff
  3172 | D:5      | Reached skill level 9 in Slings
  3184 | D:5      | Reached XP level 8. HP: 34/49 MP: 8/8
  3929 | D:6      | Reached skill level 10 in Slings
  3997 | D:6      | Found an iron altar of Okawaru.
  4025 | D:6      | Became a worshipper of Warmaster Okawaru
  4034 | D:6      | Found a sand-covered staircase.
  4047 | Ossuary  | Entered an ossuary
  4047 | Ossuary  | Noticed Nico3ck's ghost (experienced NaWz)
  4248 | Ossuary  | Killed Nico3ck's ghost
  4248 | Ossuary  | Acquired Okawaru's first power
  4248 | Ossuary  | Reached XP level 9. HP: 23/57 MP: 9/9
  4630 | D:6      | Reached skill level 11 in Slings
  4637 | D:6      | Found a staircase to the Ecumenical Temple.
  4721 | D:6      | Noticed PeterLawrence's ghost (weakling MiFi)
  4885 | D:7      | Reached skill level 1 in Invocations
  5778 | D:7      | Reached skill level 5 in Stealth
  6465 | D:6      | Killed PeterLawrence's ghost
  6845 | D:7      | Reached XP level 10. HP: 54/63 MP: 13/13
  6861 | D:7      | Reached skill level 5 in Invocations
  7679 | D:8      | Noticed Psyche
  8314 | D:8      | Reached skill level 10 in Short Blades
  8395 | D:10     | Entered Level 10 of the Dungeon
  8398 | D:10     | HP: 3/63 [poisoned by a killer bee]
  8400 | D:10     | HP: 1/63 [poisoned by a killer bee]
  8402 | D:10     | Succumbed to a killer bee's poison

Vault maps used:
D:1:      dpeg_arrival_three_same_balls, minmay_box_of_dots
D:2:      wad_lake_hut, old_standard_altar
D:3:      overflow_temple_1_default
D:4:      old_standard_altar
D:5:      first_bread
D:6:      minmay_temple_entry_crystal_x, basic_altar,
          nicolae_ossuary_entry_ruins, lightli_orcish_oven
D:7:      grunt_livestock
D:8:      minmay_lair_entry_lava, dk_noncrumbling_3, grunt_gozag_statues,
          uniq_psyche
D:9:      gammafunk_temple_overflow_wave, david_orc_4, uniq_maurice
D:10:     uniq_josephine, uniq_erolcha, uniq_nergalle, uniq_grum
Ossuary:  minmay_ossuary_gauntlet

Action                   |  1- 3 |  4- 6 |  7- 9 | 10-12 || total
-------------------------+-------+-------+-------+-------++-------
Melee: Short sword       |     5 |       |       |       ||     5
       Rapier            |       |    43 |   308 |   136 ||   487
       Dagger            |       |     5 |       |       ||     5
 Fire: Hunting sling     |    85 |   159 |   317 |   119 ||   680
  Use: Scroll            |     1 |     9 |     6 |     4 ||    20
       Potion            |       |       |    11 |       ||    11
 Stab: Invisible         |       |       |     2 |       ||     2
  Eat: Chunk             |       |     5 |     8 |       ||    13
       Royal jelly       |       |       |     2 |       ||     2
       Beef jerky        |       |       |     1 |     1 ||     2
       Pizza             |       |       |       |     2 ||     2
